 Dungeon Crawl Stone Soup version 0.30-a0-777-ga9a30cbeda (webtiles) character file.

Game seed: 1039786238028694357

6075 kingofthe the Covert (level 10, -7/56 HPs)
             Began as an Octopode Conjurer on Feb 14, 2023.
             Was a Believer of Sif Muna.
             Mangled by a two-headed ogre
             ... wielding a +0 giant club
              (21 damage)
             ... on level 10 of the Dungeon.
             The game lasted 00:42:24 (13185 turns).

kingofthe the Covert (Octopode Conjurer)           Turns: 13185, Time: 00:42:24

Health: -7/56      AC:  1    Str: 13      XL:     10   Next: 88%
Magic:  9/20       EV: 22    Int: 18 (20) God:    Sif Muna [**....]
Gold:   634        SH:  0    Dex: 13      Spells: 12/23 levels left

rFire   + . .      SeeInvis +    a - +8 whip "Res Miaxt" {venom, rC+ Will+ Dex-2 SInv}
rCold   + . .      Faith    .    (no shield)
rNeg    . . .      Spirit   .    (helmet restricted)
rPois   .          Reflect  .    H - amulet of magic regeneration
rElec   .          Harm     .    e - +6 ring of strength
rCorr   .          Rampage  .    i - +4 ring of slaying
Will    ++...                    v - ring of willpower
Stlth   +++++                    w - ring of protection from fire
HPRegen 0.29/turn                K - +5 ring of evasion
MPRegen 0.57/turn                P - +4 ring of slaying
                                 (no ring)
                                 (no ring)

@: no status effects
A: almost no armour, amphibious, 8 rings, camouflage 1, gelatinous body 1,
(nimble swimmer 1), tentacles
a: Renounce Religion, Channel Magic


You were on level 10 of the Dungeon.
You worshipped Sif Muna.
Sif Muna was pleased with you.
You visited 2 branches of the dungeon, and saw 11 of its levels.

You collected 634 gold pieces.

Inventory:

Hand Weapons
 a - the +8 whip "Res Miaxt" (weapon) {venom, rC+ Will+ Dex-2 SInv}
   (You took it off an orc on level 4 of the Dungeon)

   Dex:       It affects your dexterity (-2).
   rC:        It protects you from cold.
   SInv:      It lets you see invisible.
   Will:      It increases your willpower.
 b - a +5 dagger of protection
 c - a +3 hand axe of venom
 o - a +2 dagger of venom
 G - a +0 whip of electrocution
 I - a +2 whip of venom
 Q - a +3 sling
Magical Staves
 R - a staff of poison
Jewellery
 e - a +6 ring of strength (left tentacle)
 i - a +4 ring of slaying (right tentacle)
 m - an amulet of regeneration
 v - a ring of willpower (on tentacle)
 w - a ring of protection from fire (on tentacle)
 H - an amulet of magic regeneration (around mantle)
 K - a +5 ring of evasion (on tentacle)
 P - a +4 ring of slaying (on tentacle)
Wands
 n - a wand of iceblast (23)
 t - a wand of flame (46)
 u - a wand of digging (14)
Scrolls
 g - 2 scrolls of amnesia
 h - 3 scrolls of teleportation
 p - 2 scrolls of fog
 q - a scroll of summoning
 x - a scroll of identify
 z - 3 scrolls of fear
 C - a scroll of silence
 N - 4 scrolls of vulnerability
Potions
 k - 2 potions of heal wounds
 l - 2 potions of lignification
 r - a potion of invisibility {unknown}
 s - a potion of might {unknown}
 y - a potion of magic
 A - 2 potions of cancellation
 B - a potion of experience {unknown}
 J - a potion of mutation
 L - a potion of attraction {unknown}
 M - a potion of ambrosia {unknown}


   Skills:
 * Level 9.1 Dodging
 + Level 9.2 Stealth
 + Level 7.1 Spellcasting
 + Level 7.8 Conjurations
 + Level 5.2 Hexes
 * Level 3.6 Invocations


You had 12 spell levels left.
You knew the following spells:

 Your Spells              Type           Power      Damage    Failure   Level
a - Magic Dart            Conj           100%       1d8       1%          1
b - Searing Ray           Conj           68%        2d6       1%          2
c - Dazzling Flash        Conj/Hex       58%        N/A       2%          3
d - Fulminant Prism       Conj/Hex       14%        3d9       8%          4
y - Apportation           Tloc           12%        N/A       11%         1

Your spell library contained the following spells:

 Spells                   Type           Power      Damage    Failure   Level
 Static Discharge         Conj/Air       40%        2-4/arc   3%          2
 Necrotise                Necr           24%        1d5       11%         1
 Summon Small Mammal      Summ           24%        N/A       11%         1
 Sublimation of Blood     Necr           6%         N/A       16%         2
 Wereblood                Tmut           6%         N/A       16%         2
 Iskenderun's Mystic Bla  Conj/Tloc      20%        2d6       22%         4
 Vhi's Electric Charge    Tloc/Air       12%        N/A       32%         3
 Arcjolt                  Conj/Air       10%        1d20      52%         5
 Lightning Bolt           Conj/Air       10%        1d23      52%         5
 Animate Dead             Necr           6%         N/A       71%         4
 Conjure Ball Lightning   Conj/Air       10%        3x3d6     97%         6
 Haunt                    Necr/Summ      3%         N/A       100%        7
 Summon Hydra             Summ           3%         N/A       100%        7
 Discord                  Hex            12%        N/A       100%        8
 Disjunction              Tloc           3%         N/A       100%        8
 Infestation              Necr           3%         N/A       100%        8


Dungeon Overview and Level Annotations

Branches:
Dungeon (10/15)            Temple (1/1) D:4             Orc (0/2) D:9
   Lair: D:8-11

Altars:
Cheibriados
Dithmenos
Elyvilon
Fedhas
Gozag
Hepliaklqana
Kikubaaqudgha
Makhleb
Nemelex Xobeh
Okawaru
Qazlal
Ru
Sif Muna
Trog
Uskayaw
Vehumet
Wu Jian
Xom
Yredelemnul
Zin
The Shining One

Shops:
D:1 =   D:4 (

Annotations:
D:8 exclusion: cyclops
D:9 exclusions: oklob plant, oklob sapling, statue and 1 more exclusion
D:10 Snorg


Innate Abilities, Weirdness & Mutations

You cannot wear most types of armour.
You are amphibious.
You can wear up to eight rings at the same time.
Your skin changes colour to match your surroundings (Stealth+).
Your rubbery body absorbs attacks. (AC +1, EV +1)
((You are camouflaged when in or above water. (Stealth+)))
You have tentacles for arms and can constrict up to eight enemies at once.


Message History

You don't know that spell.
Casting: Fulminant Prism (dangerous; 8% risk of failure)
Confirm with . or Enter, or press ? or * to list all spells.
Aiming: Fulminant Prism (dangerous; 8% risk of failure)
Press: ? - help, Dir - move target, f - acid dragon
Aim: an acid dragon (moderately wounded, catching its breath)
You can't place the prism on a creature.
Casting: Fulminant Prism (dangerous; 8% risk of failure)
Confirm with . or Enter, or press ? or * to list all spells.
Aiming: Fulminant Prism (dangerous; 8% risk of failure)
Press: ? - help, Dir - move target, p - acid dragon You conjure a prism of explosive energy!
A fulminant prism comes into view.
The acid dragon bites your fulminant prism.
The acid dragon claws your fulminant prism.
Your fulminant prism detonates feebly.
Casting: Fulminant Prism (dangerous; 8% risk of failure)
Confirm with . or Enter, or press ? or * to list all spells.
You don't know that spell.
Casting: Fulminant Prism (dangerous; 8% risk of failure)
Confirm with . or Enter, or press ? or * to list all spells.
Aiming: Fulminant Prism (dangerous; 8% risk of failure)
Press: ? - help, Dir - move target You conjure a prism of explosive energy!
A fulminant prism comes into view.
The two-headed ogre closely misses you. The two-headed ogre barely misses you.
The acid dragon spits acid at you. The splash of acid hits you!!
Ouch! That really hurt!
* * * LOW HITPOINT WARNING * * *
Casting: Fulminant Prism (dangerous; 8% risk of failure)
Confirm with . or Enter, or press ? or * to list all spells.
Aiming: Searing Ray (safe; 1% risk of failure)
Press: ? - help, Shift-Dir - straight line, f - two-headed ogre
Aim: a two-headed ogre, wielding a +0 giant club and a +0 giant spiked club (moderately wounded, 91% to hit)
The searing ray hits the two-headed ogre.
The two-headed ogre is moderately wounded. (Press . to maintain the ray.)
The two-headed ogre hits you with a +0 giant club!!
You die...

###############
..|............
...............
...............
.
....!..........
.
...............
.
...............
.....D.@.......
....*.O........
...............
###############


You could see a two-headed ogre, an acid dragon (ally target) and a friendly
fulminant prism.

Vanquished Creatures
  A two-headed ogre (D:6)
  Pikel (D:6)
  A kobold demonologist (D:9)
  Sigmund (D:2)
  6 yaks
  2 steam dragons
  2 water moccasins
  Duvessa (D:4)
  2 orc warriors (D:9)
  2 black bears
  An ogre (D:5)
  4 centaurs
  A phantom (D:7)
  2 kobold brigands
  2 bullfrogs (D:8)
  A scorpion (D:4)
  A gnoll sergeant (D:5)
  3 wights (D:6)
  Dowan (D:4)
  9 killer bees (D:8)
  2 howler monkeys (D:9)
  4 hounds
  5 jellies
  9 orc priests
  2 iguanas
  2 gnoll boudas (D:5)
  Ijyb (D:3)
  8 orc wizards
  Robin (D:4)
  17 gnolls
  8 adders
  A shadow imp (D:8)
  A white imp (D:5)
  A worm (D:3)
  3 dart slugs
  49 orcs
  9 ball pythons
  3 bats
  2 endoplasms
  4 giant cockroaches
  6 hobgoblins
  3 jackals (D:9)
  5 quokkas
  3 frilled lizards
  13 goblins
  19 kobolds
  3 rats
228 creatures vanquished.

Vanquished Creatures (others)
  29 fulminant prisms
  A fungus (D:9)
  14 plants
44 creatures vanquished.

Grand Total: 272 creatures vanquished

Notes
Turn   | Place    | Note
-------+----------+-------------------------------------------
     0 | D:1      | kingofthe the Octopode Conjurer began the quest for the
                  | Orb.
     0 | D:1      | Reached XP level 1. HP: 11/11 MP: 3/3
   391 | D:1      | Reached XP level 2. HP: 17/17 MP: 2/5
   441 | D:1      | Found Zety's Jewellery Emporium.
   581 | D:1      | Learned a level 2 spell: Searing Ray
   929 | D:2      | Noticed Sigmund
  1215 | D:2      | Reached XP level 3. HP: 21/21 MP: 2/7
  1372 | D:2      | Reached XP level 4. HP: 27/27 MP: 0/8
  1634 | D:2      | Killed Sigmund
  1635 | D:2      | Reached skill level 5 in Conjurations
  1635 | D:2      | Reached XP level 5. HP: 7/31 MP: 1/10
  1635 | D:2      | Reached XP level 6. HP: 9/36 MP: 1/11
  2432 | D:3      | Noticed Ijyb
  2447 | D:3      | Killed Ijyb
  3763 | D:4      | Noticed Duvessa
  3909 | D:4      | Found Veneyn's Weapon Emporium.
  4138 | D:4      | Noticed Robin
  4143 | D:4      | Killed Robin
  4153 | D:4      | Reached XP level 7. HP: 41/41 MP: 3/13
  4545 | D:4      | Identified the +8 whip "Res Miaxt" {venom, rC+ Will+ Dex-2
                  | SInv}
  5046 | D:4      | Found a staircase to the Ecumenical Temple.
  5058 | Temple   | Entered the Ecumenical Temple
  5107 | Temple   | Became a worshipper of Sif Muna the Loreminder
  5332 | D:4      | Noticed Dowan
  5512 | D:5      | Entered Level 5 of the Dungeon
  5824 | D:5      | Learned a level 1 spell: Apportation
  5914 | D:5      | Reached skill level 5 in Stealth
  6064 | D:5      | Reached skill level 5 in Dodging
  6212 | D:5      | Reached XP level 8. HP: 46/46 MP: 10/15
  6287 | D:5      | Reached skill level 5 in Spellcasting
  6471 | D:5      | Learned a level 3 spell: Dazzling Flash
  6742 | D:5      | Found a sparkling altar of Nemelex Xobeh.
  6896 | D:6      | Noticed a +0 hand axe
  6896 | D:6      | Found a hide-covered altar of Uskayaw.
  6897 | D:6      | Noticed a +0 dagger
  6931 | D:6      | Found a snail-covered altar of Cheibriados.
  7277 | D:6      | Noticed a two-headed ogre
  7941 | D:6      | Found a snail-covered altar of Cheibriados.
  8104 | D:7      | Reached XP level 9. HP: 11/51 MP: 6/17
  8205 | D:7      | Noticed Pikel
  8230 | D:6      | Killed Pikel
  8231 | D:6      | Reached skill level 1 in Hexes
  9028 | D:8      | Reached * piety under Sif Muna
  9617 | D:8      | Noticed a cyclops
  9694 | D:8      | Learned a level 4 spell: Fulminant Prism
 10208 | D:6      | Found a hide-covered altar of Uskayaw.
 10363 | D:6      | Killed a two-headed ogre
 10364 | D:6      | Reached XP level 10. HP: 56/56 MP: 12/20
 10501 | D:4      | Killed Duvessa
 10515 | D:4      | Killed Dowan
 10801 | D:8      | Reached skill level 1 in Invocations
 11361 | D:9      | Reached ** piety under Sif Muna
 11505 | D:9      | Reached skill level 5 in Hexes
 11708 | D:9      | Noticed a kobold demonologist
 11723 | D:9      | Killed a kobold demonologist
 11800 | D:9      | Found a staircase to the Orcish Mines.
 11938 | D:9      | Found a glowing silver altar of Zin.
 12026 | D:9      | Found a hazy altar of Hepliaklqana.
 12213 | D:9      | Found a radiant altar of Vehumet.
 12312 | D:9      | Noticed an oklob plant
 12324 | D:9      | HP: 2/56 [oklob plant/splash of acid (25)]
 12949 | D:10     | Entered Level 10 of the Dungeon
 12986 | D:10     | Noticed a two-headed ogre
 13033 | D:10     | Noticed Snorg
 13185 | D:10     | Mangled by a two-headed ogre

Illustrated notes

Levels and vault maps discovered:
D:1:      dpeg_arrival_stonehenge_8_columns, layout_loops_corners, serial_shops,
          nicolae_shop_trees
D:2:      layout_loops_ring, serial_forest, infiniplex_forest_lined_2,
          infiniplex_forest_straight_3, infiniplex_forest_zigzag_2,
          infiniplex_forest_clump_C, infiniplex_forest_corner_1,
          infiniplex_forest_clump_tiny, infiniplex_forest_straight_3,
          minmay_crystal_water, minmay_bisected, uniq_sigmund
D:3:      layout_basic, kennysheep_flooded_box, uniq_ijyb
D:4:      layout_basic, minmay_temple_entry_offerings, serial_shops,
          nicolae_shop_bloodbath_and_beyond, uniq_duvessa, uniq_robin
D:5:      layout_loops_ring, overflow_temple_1_default, nicolae_grassy_gnolls
D:6:      layout_rooms, dancing_weapons_uskayaw, mainiacjoe_overflow_catwalk
D:7:      layout_gridville, uniq_pikel
D:8:      layout_loops_cross
D:9:      layout_basic, kennysheep_mini, mainiacjoe_overflow_tiny_flanked,
          vehumet_statue, hiddenorc2_lemuel, introduction_to_nature_2
D:10:     layout_cross, amcnicky_altar_gilded, enter_bailey_3, uniq_snorg,
          uniq_maggie
Temple:   bh_familiar_temple

Skill      XL: |  1  2  3  4  5  6  7  8  9 10 |
---------------+-------------------------------+-----
Spellcasting   | 3 4 5 6 7 |  7.1
Stealth        | 3 4 5 6 8 9 |  9.2
Dodging        | 3 4 5 6 8 9 |  9.1
Conjurations   | 5 6 7 |  7.8
Hexes          | 4 5 |  5.2
Invocations    | 3 |  3.6

Action                     |  1- 3 |  4- 6 |  7- 9 | 10-12 || total
---------------------------+-------+-------+-------+-------++-------
  Melee: Unarmed           |     6 |       |       |       ||     6
         Constrict         |     1 |       |       |       ||     1
         Tentacles         |     1 |       |       |       ||     1
         Dagger            |       |     1 |     4 |       ||     5
         Whip              |       |       |       |     2 ||     2
   Cast: Magic Dart        |    44 |    67 |   118 |    90 ||   319
         Searing Ray       |     1 |    14 |    70 |    41 ||   126
         Fulminant Prism   |       |       |       |    30 ||    30
  Evoke: Wand              |       |       |     1 |       ||     1
    Use: Potion            |       |       |     2 |     2 ||     4
         Scroll            |       |       |       |    15 ||    15
 Armour: Skin              |     4 |     1 |     8 |     3 ||    16
  Dodge: Dodged            |     6 |     8 |   106 |   105 ||   225

Table legend: (Time is in decaauts)
 A = Elapsed time spent in this place.
 B = Non-inter-level travel time spent in this place.
 C = Inter-level travel time spent in this place.
 D = Time resting spent in this place.
 E = Time spent auto-exploring this place.
 F = Levels seen in this place.
 G = Mean time per level.
                   A        B        C        D        E       F      G
               +--------+--------+--------+--------+--------+-----+--------+
         Total |  13202 |  12309 |    893 |   2466 |   8232 |  11 | 1200.2 |
       Dungeon |  13012 |  12138 |    874 |   2466 |   8070 |  10 | 1301.2 |
        Temple |    189 |    170 |     19 |      0 |    162 |   1 |  189.0 |
               +--------+--------+--------+--------+--------+-----+--------+

Top non-repeatable levels by time:
     D:4: 2328 daAuts
     D:9: 2079 daAuts
     D:8: 1755 daAuts
     D:6: 1430 daAuts
     D:5: 1384 daAuts
     D:2: 1194 daAuts
     D:3: 1072 daAuts
     D:1: 960 daAuts
     D:7: 772 daAuts
  Temple: 189 daAuts
    D:10: 34 daAuts
